 Dungeon Crawl Stone Soup version 0.27-a0-1301-g128193abf8 (webtiles) character file.

Game seed: 12738533716671056352

2109 Shayle the Covert (level 9, -1/68 HPs)
             Began as a Demonspawn Enchanter on June 17, 2021.
             Was an Initiate of Wu Jian.
             Slain by lunkers's ghost (7 damage)
             ... on level 8 of the Dungeon.
             The game lasted 00:21:31 (9219 turns).

Shayle the Covert (Demonspawn Enchanter)            Turns: 9219, Time: 00:21:31

Health: -1/68      AC:  4    Str: 12    XL:     9   Next: 7%
Magic:  10/12      EV: 15    Int: 17    God:    Wu Jian [......]
Gold:   756        SH:  0    Dex: 19    Spells: 4/12 levels left

rFire    . . .     SeeInvis .   x - +2 short sword (vamp)
rCold    . . .     Faith    .   (no shield)
rNeg     . . .     Spirit   .   b - +0 robe
rPois    +         Reflect  .   m - +2 hat {Stlth+}
rElec    .         Harm     .   (no cloak)
rCorr    .         Rampage  .   (no gloves)
Will     .....                  (no boots)
Stlth    +++.......             c - amulet of the acrobat
HPRegen  0.21/turn              f - +6 ring of dexterity
MPRegen  0.13/turn              i - ring of poison resistance

@: confusing by touch, very slow
A: talons 1, powered by pain 2, spiny 1
a: Renounce Religion


You were on level 8 of the Dungeon.
You worshipped Wu Jian.
Wu Jian was noncommittal.
You visited 2 branches of the dungeon, and saw 9 of its levels.

You collected 906 gold pieces.
You spent 150 gold pieces at shops.

Inventory:

Hand Weapons
 a - a +2 dagger
 k - a +2 hand axe of venom
 x - a +2 vampiric short sword (weapon)
Missiles
 d - 11 javelins
 h - 6 poisoned darts (quivered)
 l - 7 boomerangs of dispersal
 A - a throwing net
Armour
 b - a +0 robe (worn)
 g - the +1 ring mail of the Stone Wall {rN+}
   (You found it on level 4 of the Dungeon)

   It protects you from negative energy.
 m - a +2 hat of stealth (worn)
Jewellery
 c - an amulet of the acrobat (around neck)
 f - a +6 ring of dexterity (left hand)
 i - a ring of poison resistance (right hand)
 n - a ring of protection from fire
 w - a ring of see invisible
Wands
 s - a wand of digging (7)
 y - a wand of paralysis (5)
 E - a wand of mindburst (16)
Scrolls
 e - 5 scrolls of enchant weapon
 j - 5 scrolls of teleportation
 p - 3 scrolls of enchant armour
 t - 2 scrolls of vulnerability {unknown}
 v - a scroll of fog
 F - a scroll of summoning {unknown}
 I - a scroll of blinking
Potions
 r - 2 potions of might
 u - 3 potions of attraction
 B - a potion of lignification
 C - a potion of curing
 D - a potion of heal wounds
 G - a potion of haste {unknown}


   Skills:
 + Level 5.5 Fighting
 - Level 0.8 Short Blades
 + Level 5.4 Dodging
 * Level 8.6 Stealth
 - Level 2.0 Spellcasting
 - Level 3.0 Hexes
 + Level 3.2 Evocations


You had 4 spell levels left.
You knew the following spells:

 Your Spells              Type           Power      Damage    Failure   Level
a - Corona                Hex            12%        N/A       5%          1
b - Ensorcelled Hibernat  Hex/Ice        12%        N/A       16%         2
c - Confusing Touch       Hex            11%        N/A       17%         3
d - Blink                 Tloc           N/A        N/A       28%         2

Your spell library contained the following spells:

 Spells                   Type           Power      Damage    Failure   Level
 Slow                     Hex            11%        N/A       9%          2
 Tukima's Dance           Hex            11%        N/A       17%         3
 Animate Skeleton         Necr           2%         N/A       19%         1
 Apportation              Tloc           2%         N/A       19%         1
 Magic Dart               Conj           4%         1d3       19%         1
 Summon Small Mammal      Summ           4%         N/A       19%         1
 Call Imp                 Summ           1%         N/A       28%         2
 Dazzling Flash           Conj/Hex       12%        N/A       30%         3
 Summon Guardian Golem    Hex/Summ       6%         N/A       30%         3
 Call Canine Familiar     Summ           1%         N/A       50%         3
 Conjure Flame            Conj/Fire      1%         6-21      50%         3
 Mephitic Cloud           Conj/Pois/Air  1%         N/A       50%         3
 Summon Ice Beast         Ice/Summ       1%         N/A       88%         4
 Summon Lightning Spire   Summ/Air       1%         N/A       88%         4


Dungeon Overview and Level Annotations

Branches:
Dungeon (8/15)             Temple (1/1) D:6
   Lair: D:8-11

Altars:
Dithmenos
Elyvilon
Gozag
Hepliaklqana
Kikubaaqudgha
Nemelex Xobeh
Okawaru
Qazlal
Uskayaw
Vehumet
Wu Jian
Xom
Yredelemnul
Zin
The Shining One
Beogh

Shops:
D:8 ?

Annotations:
D:3 3 runed translucent doors, flotson's ghost, amateur DsFi
D:4 3 runed translucent doors, atabob's ghost, amateur GnWn
D:7 3 runed translucent doors, jejorda2's ghost, novice MfBe
D:8 lunkers's ghost, novice TeAE


Innate Abilities, Weirdness & Mutations

You have sharp toenails.
You sometimes gain power by taking damage.
You are partially covered in sharp spines.


Message History

Your unstable footing causes you to fumble your attack.
Lunkers's ghost hits you.
Casting: Ensorcelled Hibernation (safe; 16% risk of failure)
Confirm with . or Enter, or press ? or * to list all spells.
Your hands begin to glow red.
Lunkers's ghost points at you and mumbles some strange words.
The zap hits you.
You hit lunkers's ghost but do no damage.
You claw lunkers's ghost, but do no damage.
Lunkers's ghost is heavily damaged.
Lunkers's ghost hits you.
Lunkers's ghost casts a spell.
Lunkers's ghost puts on a burst of speed!
You hit lunkers's ghost but do no damage.
You claw lunkers's ghost, but do no damage.
Lunkers's ghost is heavily damaged.
Lunkers's ghost is struck by your spines.
Lunkers's ghost closely misses you.
You barely miss lunkers's ghost.
Lunkers's ghost is severely damaged.
Lunkers's ghost gestures at you while chanting.
The zap hits you.
You hit lunkers's ghost but do no damage.
Lunkers's ghost is severely damaged.
Lunkers's ghost hits you.
You hit lunkers's ghost but do no damage.
Lunkers's ghost is severely damaged.
Lunkers's ghost casts a spell.
You are struck by an arc of lightning.
Lunkers's ghost is struck by an arc of lightning.
You are struck by an arc of lightning.
The lightning grounds out.
You hit lunkers's ghost but do no damage.
You claw lunkers's ghost, but do no damage.
Lunkers's ghost is severely damaged.
Lunkers's ghost is struck by your spines.
Lunkers's ghost hits you!
* * * LOW HITPOINT WARNING * * *
x2 Your unstable footing causes you to fumble your attack.
Lunkers's ghost hits you!
You die...

###.##
##...#..............
##.##
#...#..............
#..#
#####........<.....
##.## #..............
#..# #..............
#..# #..............
#..########............
##..#$....#............
#..#W@≈≈≈'............
##.#.....#............
##########...........
#.....##...........
#..................
#..................
#....####......####
#...## ##.....# #...#
####..#


You could see lunkers's ghost (swift).

Vanquished Creatures
  A hornet (D:7)
  Prince Ribbit (D:5)
  A spriggan (D:8)
  An ogre (D:5)
  A centaur (D:7)
  A phantom (D:5)
  A bullfrog (D:8)
  A scorpion (D:5)
  3 water moccasin skeletons
  4 killer bees (D:7)
  A howler monkey (D:4)
  A crimson imp (D:6)
  A centaur zombie (D:7)
  A jelly (D:7)
  3 hounds
  A bullfrog skeleton (D:4)
  A centaur skeleton (D:6)
  A gnoll shaman (D:7)
  4 orc priests
  An iguana (D:5)
  Ijyb (D:4)
  Natasha (thrice) (D:2)
  6 orc wizards
  5 gnolls
  4 adders
  3 howler monkey skeletons
  2 shadow imps
  A white imp (D:6)
  An ufetubus (D:5)
  An adder skeleton (D:4)
  3 worms
  2 dart slugs
  23 orcs
  2 giant cockroaches
  3 hobgoblins
  3 quokkas
  6 ball pythons
  A bat (D:3)
  2 frilled lizards
  2 goblins
  7 kobolds
  2 rats
113 creatures vanquished.

Vanquished Creatures (others)
  27 plants (D:2)
27 creatures vanquished.

Grand Total: 140 creatures vanquished

Notes
Turn   | Place    | Note
-------+----------+-------------------------------------------
     0 | D:1      | Shayle the Demonspawn Enchanter began the quest for the
                  | Orb.
     0 | D:1      | Reached XP level 1. HP: 13/13 MP: 3/3
   359 | D:1      | Found a faded altar of an unknown god.
   440 | D:1      | Reached skill level 3 in Stealth
   443 | D:1      | Gained mutation: You are partially covered in sharp spines.
                  | [demonic ancestry]
   443 | D:1      | Reached XP level 2. HP: 17/20 MP: 5/5
  1263 | D:2      | Noticed Natasha
  1278 | D:2      | Killed Natasha
  1279 | D:2      | Reached skill level 1 in Fighting
  1279 | D:2      | Gained mutation: You sometimes gain a little power by
                  | taking damage. [demonic ancestry]
  1279 | D:2      | Reached XP level 3. HP: 15/26 MP: 6/6
  1757 | D:2      | Noticed Natasha
  1773 | D:2      | Killed Natasha
  1774 | D:2      | Reached XP level 4. HP: 33/33 MP: 7/7
  1911 | D:2      | Noticed Natasha
  1929 | D:2      | Killed Natasha
  1930 | D:2      | Reached skill level 4 in Stealth
  2151 | D:3      | Gained mutation: You sometimes gain power by taking damage.
                  | [demonic ancestry]
  2151 | D:3      | Reached XP level 5. HP: 38/38 MP: 8/8
  2205 | D:3      | Found a shadowy altar of Dithmenos.
  2978 | D:3      | Learned a level 2 spell: Ensorcelled Hibernation
  3462 | D:3      | Found a runed translucent gate.
  3462 | D:3      | Found a runed translucent gate.
  3462 | D:3      | Found a runed translucent gate.
  3462 | D:3      | Noticed flotson's ghost (amateur DsFi)
  3861 | D:4      | Reached skill level 5 in Stealth
  4016 | D:4      | Reached XP level 6. HP: 36/46 MP: 9/9
  4140 | D:4      | Found a sparkling altar of Nemelex Xobeh.
  4364 | D:4      | Identified the +1 ring mail of the Stone Wall {rN+}
  4390 | D:4      | Noticed Ijyb
  4401 | D:4      | Killed Ijyb
  4414 | D:4      | Found a runed translucent gate.
  4414 | D:4      | Found a runed translucent gate.
  4414 | D:4      | Found a runed translucent gate.
  4416 | D:4      | Identified the +9 plate armour of Grand Music {Harm}
  4416 | D:4      | Noticed an orc warrior
  4416 | D:4      | Noticed atabob's ghost (amateur GnWn)
  4908 | D:5      | Entered Level 5 of the Dungeon
  5205 | D:5      | Reached skill level 6 in Stealth
  5205 | D:5      | Reached XP level 7. HP: 52/52 MP: 10/10
  5534 | D:5      | Noticed Prince Ribbit
  5556 | D:5      | Killed Prince Ribbit
  5620 | D:5      | Learned a level 3 spell: Confusing Touch
  5623 | D:5      | Learned a level 2 spell: Blink
  5651 | D:5      | Reached skill level 7 in Stealth
  5659 | D:5      | Gained mutation: You have sharp toenails. [demonic
                  | ancestry]
  5659 | D:5      | Reached XP level 8. HP: 61/61 MP: 11/11
  5968 | D:6      | Reached skill level 1 in Evocations
  5974 | D:6      | Found a staircase to the Ecumenical Temple.
  5991 | Temple   | Entered the Ecumenical Temple
  6153 | Temple   | Became a worshipper of the Wu Jian Council
  6826 | D:6      | Found a basalt altar of Yredelemnul.
  7275 | D:7      | Reached skill level 5 in Fighting
  7275 | D:7      | Reached skill level 5 in Dodging
  7620 | D:7      | Reached skill level 8 in Stealth
  7947 | D:7      | Found a runed translucent gate.
  7948 | D:7      | Found a runed translucent gate.
  7949 | D:7      | Found a runed translucent gate.
  7950 | D:7      | Found an opulent altar of Gozag.
  7950 | D:7      | Noticed jejorda2's ghost (novice MfBe)
  8001 | D:7      | Noticed a hornet
  8008 | D:7      | Killed a hornet
  8380 | D:8      | Found a runed translucent door.
  8695 | D:8      | Found Tipsunyn's Magic Scroll Shoppe.
  8702 | D:8      | Bought a scroll of identify for 24 gold pieces
  8702 | D:8      | Bought a scroll of identify for 24 gold pieces
  8702 | D:8      | Bought a scroll of noise for 12 gold pieces
  8702 | D:8      | Bought a scroll of blinking for 90 gold pieces
  8732 | D:8      | Identified a scroll of acquirement
  8732 | D:8      | Acquired 394 gold pieces
  8861 | D:8      | Reached XP level 9. HP: 68/68 MP: 12/12
  9199 | D:8      | Noticed lunkers's ghost (novice TeAE)
  9219 | D:8      | Slain by lunkers's ghost

Illustrated notes

Levels and vault maps discovered:
D:1:      minmay_arrival_three_doors, layout_basic,
          hellmonk_ecumenical_altar_lost_god, minmay_hexomino_c4
D:2:      layout_rooms, serial_glass, glass_columns_a, glass_columns_b,
          basic_altar, minivault_25, chequers_serial_rivers_micro_b,
          serial_bayou_lagoon_a, chequers_serial_rivers_room_a,
          lemuel_another_geyser, uniq_natasha
D:3:      layout_basic, nicolae_dithmenos_through_a_glass_darkly,
          ebering_ghost_rock_garden, wander_ebering_terrifying_dragon_lair
D:4:      layout_loops_ring, nemelex_spade_bored_becter,
          biasface_ghost_orc_armoury, uniq_ijyb
D:5:      wad_pebble_path, layout_loops_ring, uniq_prince_ribbit1
D:6:      layout_loops_ring, marbit_many_paths, minmay_temple_entry_mini_moons,
          minmay_fire_ice_demons
D:7:      layout_basic, tso_oasis_becter, ebering_ghost_gozag,
          minmay_misc_feat_rugged
D:8:      minmay_klotski, layout_layer_cave, serial_shops, shop,
          ebering_ghost_reflecting_pool, the_hattery
Temple:   minmay_temple_curvy_branch

Skill      XL: |  1  2  3  4  5  6  7  8 |
---------------+-------------------------+-----
Stealth        | 3 4 5 6 7 8 |  8.6
Dodging        | 2 3 4 5 |  5.4
Fighting       | 1 2 3 4 5 |  5.5
Evocations     | 3 |  3.2
Short Blades   | |  0.8
Spellcasting   | |  2.0
Hexes          | |  3.0

Action                   |  1- 3 |  4- 6 |  7- 9 || total
-------------------------+-------+-------+-------++-------
Melee: Dagger            |    60 |   112 |    75 ||   247
       Short sword       |       |       |    41 ||    41
       Kick              |       |       |    28 ||    28
Throw: Dart              |    29 |    13 |       ||    42
 Cast: Ensorcelled Hiber |       |    23 |    38 ||    61
       Confusing Touch   |       |       |     1 ||     1
Invok: Lunge             |       |       |     8 ||     8
  Use: Potion            |     1 |     1 |     1 ||     3
       Scroll            |       |     7 |     5 ||    12
 Stab: Sleeping          |     3 |    19 |    26 ||    48
       Distracted        |       |     1 |       ||     1
Armor: Robe              |     7 |     2 |    14 ||    23
       Skin              |       |       |     1 ||     1
Dodge: Dodged            |    37 |    72 |    70 ||   179

Table legend: (Time is in decaauts)
 A = Elapsed time spent in this place.
 B = Non-inter-level travel time spent in this place.
 C = Inter-level travel time spent in this place.
 D = Time resting spent in this place.
 E = Time spent auto-exploring this place.
 F = Levels seen in this place.
 G = Mean time per level.
                   A        B        C        D        E       F      G
               +--------+--------+--------+--------+--------+-----+--------+
         Total |   9230 |   8977 |    253 |   2254 |   5153 |   9 | 1025.6 |
       Dungeon |   9045 |   8814 |    231 |   2254 |   4998 |   8 | 1130.6 |
        Temple |    184 |    162 |     22 |      0 |    155 |   1 |  184.0 |
               +--------+--------+--------+--------+--------+-----+--------+

Top non-repeatable levels by time:
     D:2: 1433 daAuts
     D:3: 1332 daAuts
     D:7: 1254 daAuts
     D:4: 1142 daAuts
     D:5: 1014 daAuts
     D:1: 1011 daAuts
     D:6: 943 daAuts
     D:8: 915 daAuts
  Temple: 184 daAuts
